Map: Cactus Valley LE (Void)

Players

PandaBearMe - Winner!

  • Race: Zerg Zerg
  • Spawn Location: 7:00

FeaR

  • Race: Protoss Protoss
  • Spawn Location: 1:00

Event: WCS Austin 2017

VOD

Have the link to the VOD?

Description

Time

  • Played on: April 28, 2017, 5:38 p.m.
  • Length: 14:54

All games in this series

Show
View Real Time Build Order
Export as new Build Order

PandaBearMe Zerg - Winner!

Build Orders: Hatch First 

Get SALT Encoding   

  12  0:02  Drone  
  13  0:13  Overlord  
  13  0:17  Drone  
  14  0:31  Drone x2  
  16  0:48  Hatchery  
  15  0:52  Drone  
  15  0:54  Drone  
  17  0:58  Drone  
  18  1:08  Extractor  
  17  1:13  Spawning Pool  
  17  1:16  Drone  
  17  1:20  Drone  
  18  1:29  Drone  
  19  1:39  Drone  
  20  1:50  Overlord  
  20  2:00  Queen x2  
  24  2:04  Zergling x2  
  24  2:08  Drone  
  26  2:11  Metabolic Boost  
  26  2:15  Drone x2  
  28  2:21  Drone  
  29  2:34  Drone  
  30  2:38  Hatchery  
  30  2:41  Zergling x2  
  30  2:42  Zergling x2  
  30  2:43  Zergling x2  
  32  2:48  Zergling x2  
  33  2:53  Overlord  
  33  3:02  Drone  
  33  3:05  Drone  
  35  3:06  Drone  
  35  3:11  Drone  
  38  3:12  Drone  
  38  3:13  Drone x4  
  42  3:20  Queen  
  42  3:23  Overlord  
  44  3:31  Lair  
  44  3:38  Spore Crawler  
  43  3:41  Drone  
  43  3:43  Drone  
  43  3:46  Drone x2  
  47  3:54  Drone x6  
  53  3:59  Evolution Chamber  
  53  4:02  Drone  
  54  4:03  Drone  
  54  4:05  Drone  
  54  4:08  Extractor  
  55  4:13  Queen  
  55  4:14  Overlord  
  57  4:18  Drone  
  57  4:19  Overlord  
  57  4:22  Overlord  
  58  4:24  Zerg Melee Weapons Level 1  
  58  4:28  Baneling Nest  
  58  4:30  Drone  
  58  4:35  Spore Crawler  
  55  4:40  Spore Crawler x2  
  55  4:41  Spore Crawler  
  55  4:43  Drone x2  
  55  4:44  Drone  
  53  4:46  Drone x3  
  53  4:50  Overlord  
  53  4:52  Burrow  
  59  4:53  Spore Crawler  
  59  4:54  Spore Crawler, Drone x3  
  60  5:00  Drone  
  60  5:01  Hydralisk Den  
  60  5:02  Drone  
  60  5:03  Overseer  
  61  5:08  Drone x3  
  61  5:09  Drone  
  65  5:16  Drone  
  65  5:18  Roach Warren, Drone x2  
  65  5:19  Drone  
  68  5:24  Drone  
  68  5:26  Overlord  
  69  5:30  Extractor x3, Overlord, Drone  
  69  5:31  Drone x2  
  69  5:33  Drone  
  70  5:35  Drone  
  70  5:36  Drone  
  71  5:46  Drone  
  71  5:49  Drone x3, Muscular Augments  
  73  5:52  Drone x3  
  76  5:57  Drone x3  
  76  6:00  Drone  
  76  6:01  Drone  
  79  6:20  Hydralisk  
  79  6:21  Hydralisk x2, Zergling x2  
  79  6:24  Zergling x4  
  79  6:25  Hydralisk  
  87  6:29  Overlord  
  87  6:32  Zerg Melee Weapons Level 2  
  89  6:33  Overlord  
  89  6:41  Overlord x2  
  89  6:42  Hatchery  
  88  6:47  Hydralisk x4  
  88  6:50  Hydralisk  
  98  6:56  Centrifical Hooks  
  98  6:59  Zergling x12  
  103  7:02  Zergling x4  
  103  7:03  Zergling x2  
  103  7:05  Hydralisk  
  103  7:07  Hydralisk  
  110  7:13  Roach x3  
  110  7:14  Roach  
  117  7:18  Hydralisk  
  117  7:21  Overlord  
  118  7:24  Overlord  
  118  7:25  Overlord  
  118  7:36  Overlord, Drone x3  
  121  7:39  Drone  
  121  7:40  Drone x3  
  121  7:43  Drone x2  
  121  7:44  Drone  
  128  7:52  Drone  
  128  7:53  Drone x3  
  128  7:55  Drone  
  128  7:57  Extractor  
  132  8:00  Hydralisk x7  
  145  8:08  Baneling x3  
  145  8:09  Baneling x6  
  145  8:11  Zergling x12  
  151  8:14  Spore Crawler  
  151  8:15  Zergling x2  
  151  8:16  Zergling x2  
  151  8:19  Baneling x12  
  152  8:20  Baneling x2  
  152  8:21  Baneling x2  
  152  8:24  Zergling x4  
  154  8:28  Zergling x10  
  154  8:29  Overlord  
  154  8:30  Overlord  
  154  8:33  Overlord  
  159  8:34  Extractor  
  159  8:35  Overlord  
  158  8:44  Ravager  
  158  8:48  Baneling x9  
  156  8:52  Zerg Ground Armor Level 1  
  156  8:54  Zergling x2  
  156  8:55  Zergling x24  
  165  8:59  Zergling x2  
  157  9:08  Zergling x2  
  157  9:09  Zergling x8  
  153  9:10  Zergling x10  
  153  9:11  Baneling x3  
  153  9:12  Zergling x2  
  153  9:16  Zergling x2  
  149  9:21  Zergling x4  
  151  9:29  Zergling x2  
  151  9:30  Zergling x4  
  154  9:33  Baneling x6  
  154  9:34  Ravager x3  
  154  9:37  Zergling x2  
  154  9:38  Zergling x6  
  161  9:39  Infestation Pit  
  157  9:48  Baneling  
  157  9:49  Baneling x10  
  157  9:52  Zergling x14  
  156  9:56  Zergling x2  
  156  9:57  Zergling x6  
  156  9:58  Zergling x2  
  149  10:11  Drone x5  
  154  10:16  Drone  
  141  10:35  Hydralisk x5  
  139  10:36  Hydralisk  
  139  10:39  Hive  
  139  10:40  Spire, Zergling x2  
  139  10:41  Zergling x14  
  153  10:43  Zergling x2  
  153  10:46  Zergling x6  
  153  10:47  Zergling x2  
  156  10:54  Zergling x12  
  153  11:10  Baneling x16  
  153  11:17  Zergling x10  
  158  11:18  Hatchery  
  158  11:23  Zerg Ground Armor Level 2  
  133  11:54  Greater Spire, Corruptor  
  133  11:55  Corruptor x5  
  133  12:00  Baneling x2  
  133  12:01  Zergling x18  
  154  12:20  Overseer  
  148  12:46  Corruptor  
  148  12:47  Corruptor x2  
  148  12:50  Zergling x38  
  173  13:06  Brood Lord x3  
  173  13:07  Brood Lord x3  
  173  13:10  Overseer  
  173  13:11  Overseer, Pneumatized Carapace  
  179  13:17  Zergling x2  
  179  13:18  Zergling x10  
  185  13:21  Neural Parasite  
  185  13:29  Corruptor x2  
  188  13:40  Corruptor x3  
  177  13:52  Corruptor x2  
  177  13:53  Zergling x2  
  177  13:54  Zergling x10  
  163  14:05  Zergling x2  
  163  14:06  Zergling x18  
  155  14:10  Zergling x6  
  155  14:16  Zergling x2  
  137  14:28  Overseer x2  
Show
View Real Time Build Order
Export as new Build Order

FeaR Protoss 

Build Orders: 1 Gate Expand, Oracle Opening 

Get SALT Encoding   

  12  0:00  Probe (Chrono Boost)  
  13  0:11  Probe (Chrono Boost)  
  14  0:19  Pylon  
  14  0:22  Probe (Chrono Boost)  
  15  0:38  Gateway, Probe (Chrono Boost)  
  16  0:48  Probe (Chrono Boost)  
  17  0:50  Assimilator  
  17  0:59  Probe (Chrono Boost)  
  18  1:09  Probe (Chrono Boost)  
  19  1:24  Nexus  
  20  1:25  Probe (Chrono Boost)  
  20  1:36  Cybernetics Core  
  20  1:38  Probe (Chrono Boost)  
  21  1:44  Pylon  
  21  1:49  Probe (Chrono Boost)  
  21  1:52  Assimilator  
  22  2:00  Probe (Chrono Boost)  
  23  2:09  Adept  
  23  2:11  Probe (Chrono Boost)  
  23  2:13  Warp Gate  
  27  2:23  Probe (Chrono Boost)  
  27  2:35  Probe (Chrono Boost)  
  27  2:36  Adept, Probe (Chrono Boost)  
  31  2:43  Stargate  
  31  2:45  Probe (Chrono Boost)  
  31  2:46  Probe (Chrono Boost)  
  33  2:56  Probe (Chrono Boost)  
  33  2:57  Probe (Chrono Boost)  
  35  3:03  Adept  
  37  3:06  Probe (Chrono Boost)  
  37  3:07  Probe (Chrono Boost)  
  39  3:18  Probe (Chrono Boost)  
  42  3:20  Mothership Core (Chrono Boost)  
  42  3:25  Pylon  
  42  3:26  Nexus  
  42  3:28  Probe (Chrono Boost)  
  42  3:29  Oracle  
  46  3:38  Pylon  
  46  3:43  Probe (Chrono Boost)  
  46  3:44  Probe (Chrono Boost)  
  48  3:53  Gateway, Probe (Chrono Boost)  
  50  3:56  Probe (Chrono Boost)  
  50  3:57  Gateway  
  50  4:04  Probe (Chrono Boost)  
  50  4:06  Assimilator  
  50  4:07  Phoenix  
  50  4:09  Probe (Chrono Boost)  
  52  4:10  Assimilator  
  52  4:14  Probe (Chrono Boost)  
  55  4:21  Probe (Chrono Boost)  
  55  4:23  Robotics Facility  
  56  4:25  Probe (Chrono Boost)  
  56  4:28  Sentry  
  60  4:33  Probe (Chrono Boost), Forge  
  60  4:36  Probe (Chrono Boost)  
  60  4:38  Probe (Chrono Boost)  
  62  4:45  Probe (Chrono Boost)  
  63  4:47  Probe (Chrono Boost)  
  63  4:52  Probe (Chrono Boost)  
  65  4:55  Sentry x2  
  65  4:56  Zealot  
  65  4:57  Probe x2 (Chrono Boost)  
  73  5:03  Probe (Chrono Boost), Pylon  
  74  5:07  Probe (Chrono Boost)  
  74  5:10  Protoss Ground Weapons Level 1, Probe (Chrono Boost)  
  74  5:13  Probe (Chrono Boost)  
  77  5:17  Immortal  
  77  5:19  Pylon  
  82  5:21  Probe (Chrono Boost)  
  82  5:23  Probe (Chrono Boost)  
  82  5:24  Probe (Chrono Boost)  
  84  5:31  Twilight Council  
  84  5:33  Probe (Chrono Boost), Pylon  
  85  5:38  Zealot x3  
  85  5:39  Probe (Chrono Boost)  
  85  5:40  Probe (Chrono Boost)  
  93  5:53  Immortal, Probe x3 (Chrono Boost)  
  93  5:54  Assimilator  
  100  5:57  Assimilator  
  100  6:03  Probe (Chrono Boost)  
  99  6:05  Probe x2 (Chrono Boost)  
  99  6:06  Zealot  
  99  6:07  Charge  
  101  6:12  Pylon  
  101  6:13  Pylon  
  101  6:22  Pylon  
  101  6:23  Templar Archives  
  101  6:26  Gateway  
  101  6:27  Gateway, Immortal  
  105  6:32  Robotics Facility  
  105  6:37  Templar Archives  
  105  6:40  Zealot x3  
  111  6:50  Gateway  
  111  6:51  Gateway  
  111  6:54  Gateway  
  111  7:01  Warp Prism  
  113  7:09  Psionic Storm  
  111  7:16  Nexus  
  111  7:17  Zealot x3  
  111  7:18  Pylon  
  111  7:20  Immortal, Pylon  
  121  7:33  High Templar x2  
  121  7:36  Protoss Ground Weapons Level 2  
  125  7:37  Pylon  
  125  7:38  Pylon  
  125  7:39  Pylon  
  125  7:40  High Templar x2, Zealot  
  131  7:46  Immortal  
  135  8:01  High Templar  
  135  8:02  Zealot x3  
  135  8:04  Immortal  
  145  8:10  Probe (Chrono Boost)  
  145  8:11  Probe x2 (Chrono Boost)  
  148  8:14  High Templar  
  150  8:20  Zealot x3, Archon  
  150  8:26  Pylon  
  156  8:28  Pylon  
  156  8:29  Immortal  
  156  8:39  Pylon  
  156  8:40  Pylon  
  159  8:44  Zealot x4  
  164  8:54  Zealot x2  
  163  9:03  Immortal  
  163  9:08  Immortal  
  153  9:21  Probe x2 (Chrono Boost)  
  153  9:22  High Templar x4  
  155  9:24  Probe (Chrono Boost)  
  157  9:31  Nexus  
  157  9:33  Probe x2 (Chrono Boost)  
  157  9:35  Probe (Chrono Boost), Pylon  
  158  9:45  Probe x2 (Chrono Boost)  
  156  9:48  Zealot x2  
  156  9:51  Immortal  
  146  9:55  High Templar x2  
  144  10:18  Nexus  
  144  10:19  Pylon  
  132  10:25  Immortal  
  132  10:26  Zealot x6  
  148  10:42  Assimilator  
  147  10:44  Probe (Chrono Boost)  
  147  10:45  Probe (Chrono Boost)  
  147  10:46  Protoss Ground Weapons Level 3, Fleet Beacon, Assimilator  
  147  10:48  Zealot x5, Stargate  
  149  10:57  Zealot  
  149  10:58  Zealot  
  149  11:00  Immortal  
  153  11:06  High Templar  
  153  11:09  High Templar x2, Pylon  
  153  11:10  High Templar  
  169  11:36  Observer  
  162  11:44  Zealot  
  153  11:52  Tempest  
  151  11:58  Probe x2 (Chrono Boost)  
  151  12:00  Probe x2 (Chrono Boost)  
  155  12:07  Tempest  
  155  12:09  Probe x2 (Chrono Boost)  
  155  12:12  Probe (Chrono Boost)  
  165  12:16  Probe (Chrono Boost)  
  165  12:19  Probe (Chrono Boost)  
  165  12:21  Probe (Chrono Boost)  
  168  12:24  Probe (Chrono Boost)  
  168  12:34  Zealot x2, Tempest  
  172  12:40  Archon  
  180  12:44  Probe x2 (Chrono Boost)  
  180  12:48  Protoss Air Weapons Level 1  
  180  13:00  High Templar  
  180  13:01  High Templar  
  184  13:09  Archon  
  184  13:11  Tempest  
  182  13:18  Photon Cannon  
  182  13:19  Photon Cannon  
  188  13:22  Photon Cannon  
  183  13:45  High Templar x4  
  177  13:51  Archon  
  177  13:52  Archon  
  177  13:55  High Templar x2  
  169  13:59  Archon  
  167  14:09  Probe (Chrono Boost)  
  159  14:11  Probe x2 (Chrono Boost)  
  159  14:15  Probe (Chrono Boost)  
  139  14:33  Probe (Chrono Boost)  
Tags
 
Add a new tag
Caveats
  • Supply blocks, unpowered buildings, or Contaminate may cause inaccurate times.
  • Supply counts are checked every 10 seconds.